 Dungeon Crawl Stone Soup version 0.21-a0-642-g5d013b2151 (webtiles) character file.

0 Manul the Ducker (level 1, -6/11 HPs)
             Began as a Spriggan Abyssal Knight on Dec 31, 2017.
             Was a Follower of Lugonu.
             Mangled by a small abomination (10 damage)
             ... on level 1 of the Abyss.
             The game lasted 00:00:21 (92 turns).

Manul the Ducker (Spriggan Abyssal Knight)            Turns: 92, Time: 00:00:22

Health: -6/11      AC:  2    Str:  8    XL:     1   Next: 0%
Magic:  3/3        EV: 15    Int: 13    God:    Lugonu [*.....]
Gold:   0          SH:  0    Dex: 15    Spells: 0/0 levels left

rFire    . . .     SeeInvis +   a - +1 short sword
rCold    . . .     Gourm    .   (shield restricted)
rNeg     . . .     Faith    .   b - +0 robe
rPois    .         Spirit   .   (helmet restricted)
rElec    .         Reflect  .   (no cloak)
rCorr    .         Harm     .   (gloves unavailable)
MR       .....                  (boots unavailable)
Stlth    +.........             (no amulet)
HPRegen  0.03/turn              (no ring)
MPRegen  0.08/turn              (no ring)

@: constricted, very quick
A: very small, unfitting armour, see invisible, herbivore, speed 3, slow
metabolism 2
a: Depart the Abyss, Renounce Religion


You were on level 1 of the Abyss.
You worshipped Lugonu.
Lugonu was aware of your devotion.
You were not hungry.

You visited 0 branches of the dungeon, and saw 0 of its levels.
You visited the Abyss 1 time.

Inventory:

Hand Weapons
 a - a +1 short sword (weapon)
Armour
 b - a +0 robe (worn)
Scrolls
 d - a scroll of immolation {unknown}
Comestibles
 c - a ration


   Skills:
 + Level 2.4 Fighting
 + Level 2.1 Short Blades
 + Level 3.5 Dodging
 + Level 1.7 Invocations


You couldn't memorise any spells.
You didn't know any spells.

Dungeon Overview and Level Annotations

Branches:
Dungeon (0/15)

Altars:


Innate Abilities, Weirdness & Mutations

You are very small and have problems with some larger weapons.
You are too small for most types of armour.
You have supernaturally acute eyesight. (SInv)
You are a herbivore.
You cover ground extremely quickly.
You need consume almost no food.


Message History

You are engulfed in seething chaos.
An iron imp comes into view.
The iron imp shouts, "Escape, thou cockered boil-brained snaffler!"
Found a scroll labeled OPNONU TIHOH.
A small abomination comes into view.
The apocalypse crab breathes chaos at you.
You see here a scroll labeled OPNONU TIHOH.
d - a scroll labeled OPNONU TIHOH The tentacled starspawn is engulfed in seething chaos.
Tentacles burst from the starspawn's body! 2 starspawn tentacles come into view.
The starspawn tentacle grabs you. The starspawn tentacle constricts you.
The starspawn tentacle's grasp on you weakens, but your attempt to escape fails.
The tentacle pulls you backwards! x3; The starspawn tentacle constricts you.
The starspawn tentacle's grasp on you weakens, but your attempt to escape fails.
The tentacle pulls you backwards! x4; The starspawn tentacle constricts you.
The starspawn tentacle's grasp on you weakens, but your attempt to escape fails.
The tentacle pulls you backwards! x4; The small abomination hits you!
Ouch! That really hurt!
You die...

#..
..#..##.#.##....# #.
5# #....##...#.#..#
.#
.#..#....#...#..#.##
..# #..#..#....##..#
#..# ...# #.#
#....#...###..##..
...
#.###5.#......#..#
###. # #t.#.#...#..#
# .# ##..x.X.#..#...
.# #..@w....#....# #
#.##.#...###..## ...
###..## ...# #.##
###.. #... ... .##
.... ..# .. .#. ..
#.# . #.


You could see a tentacled starspawn, an apocalypse crab, a small abomination, a
starspawn tentacle and an iron imp.

Vanquished Creatures (others)
  A starspawn tentacle (Abyss:1)
1 creature vanquished.

Notes
Turn   | Place    | Note
-------+----------+-------------------------------------------
     0 | Abyss:1  | Manul the Spriggan Abyssal Knight began the quest for the Orb.
     0 | Abyss:1  | Reached XP level 1. HP: 11/11 MP: 3/3
    43 | Abyss:1  | Noticed a small abomination
    52 | Abyss:1  | Noticed an apocalypse crab
    66 | Abyss:1  | Noticed an iron imp
    72 | Abyss:1  | Noticed a small abomination
    79 | Abyss:1  | Noticed a tentacled starspawn
    92 | Abyss:1  | Mangled by a small abomination

Vault maps used:

Table legend:
 A = Spawn XP
 B = Non-spawn XP
 C = Spawn XP percentage of total XP
 D = Spawn monster count
 E = Non-spawn monster count
 F = Spawn count percentage of total count
 G = Total turns spent on level
                    A         B        C        D         E        F      G
               +---------+---------+-------+---------+---------+-------+---------
         Total |       0 |       0 |   N/A |       0 |       0 |   N/A |    92
               +---------+---------+-------+---------+---------+-------+---------
               +---------+---------+-------+---------+---------+-------+---------
